 Dungeon Crawl Stone Soup version 0.20.1-1-g8b1a95d (webtiles) character file.

231 Monsterracer the Chiller (level 6, -1/41 HPs)
             Began as a Human Ice Elementalist on Sept 7, 2017.
             Killed from afar by an orc wizard (7 damage)
             ... with a magic dart
             ... on level 3 of the Dungeon.
             The game lasted 00:07:23 (4078 turns).

Monsterracer the Chiller (Human Ice Elementalist)   Turns: 4078, Time: 00:07:24

Health: -1/41      AC:  6    Str:  9    XL:     6   Next: 24%
Magic:  3/11       EV: 12    Int: 17    God:
Gold:   136        SH:  0    Dex: 13    Spells: 2/12 levels left

rFire    . . .     SeeInvis .   t - +5 flail (drain)
rCold    . . .     Gourm    .   (no shield)
rNeg     . . .     Faith    .   p - +2 animal skin
rPois    .         Spirit   .   q - +0 helmet
rElec    .         Reflect  .   (no cloak)
rCorr    .         Harm     .   v - +0 pair of gloves
MR       .....                  (no boots)
Stlth    +.........             (no amulet)
Regen    0.2/turn               (no ring)
MPRegen  0.2/turn               (no ring)

@: confused, lethally poisoned (-1 -> -2), drained
A: no striking features
a: no special abilities


You were on level 3 of the Dungeon.
You were not hungry.

You visited 1 branch of the dungeon, and saw 3 of its levels.

You collected 136 gold pieces.

Inventory:

Hand Weapons
 t - a +5 flail of draining (weapon)
Missiles
 k - a throwing net (quivered)
Armour
 d - a +1 robe of magic resistance
 p - a +2 animal skin (worn)
 q - a +0 helmet (worn)
 v - a +0 pair of gloves (worn)
Wands
 o - a wand of polymorph (2/24)
Scrolls
 a - 2 scrolls of identify {unknown}
 g - a scroll of teleportation {unknown}
 h - a scroll of enchant armour {unknown}
 i - 2 scrolls of magic mapping {unknown}
 r - 2 scrolls of remove curse {unknown}
 u - a scroll of immolation {unknown}
Potions
 e - a potion of cancellation {unknown}
 j - 2 potions of heal wounds {unknown}
 m - a potion of curing
 s - a potion of haste {unknown}
Books
 b - a book of Frost

   Spells                             Type                      Level
   a - Freeze                         Ice                          1
   b - Throw Frost                    Conjuration/Ice              2
   c - Ozocubu's Armour               Charms/Ice                   3
   d - Throw Icicle                   Conjuration/Ice              4
   e - Summon Ice Beast               Ice/Summoning                4
Comestibles
 c - 2 bread rations
 f - 2 meat rations
 n - a royal jelly


   Skills:
 + Level 0.2(0.0) Maces & Flails
 - Level 2.0(1.5) Dodging
 - Level 2.0(1.5) Stealth
 + Level 3.6(3.0) Spellcasting
 - Level 1.0(0.5) Conjurations
 + Level 0.2(0.0) Summonings
 * Level 5.5(4.9) Ice Magic


You had 2 spell levels left.
You knew the following spells:

 Your Spells              Type           Power        Failure   Level  Hunger
a - Freeze                Ice            ###.         2%          1    None
b - Throw Frost           Conj/Ice       ##....       9%          2    ##.....
c - Ozocubu's Armour      Chrm/Ice       ##......     19%         3    ###....
d - Summon Ice Beast      Ice/Summ       ##......     52%         4    ####...


Dungeon Overview and Level Annotations

Branches:
Dungeon (3/15)

Altars:
The Shining One


Message History

The orc wizard casts a spell at you. The magic dart hits you!
* * * LOW HITPOINT WARNING * * *
Huge Dmg: -19%(-8hp) hp: 18%(7hp)
You barely miss the orc wizard.
The orc wizard is almost dead.
The orc wizard barely misses you. The orc wizard hits you with a dagger.
* * * LOW HITPOINT WARNING * * *
Unknown command.
You closely miss the orc wizard.
The orc wizard is almost dead.
You feel sick. The orc wizard barely misses you.
Damage: -3%(-1hp) hp: 15%(6hp)
The orc wizard mumbles some strange words.
The orc wizard flickers and vanishes!
Deactivating autopickup; reactivate with Ctrl-A.
Unknown command.
A magic dart appears from out of thin air!
The magic dart hits you!
You die...

......o ..##...........
.......###...............
.......>.).# #......†..
##)...###.#.#.......
#..#.^......#.......
##.##.#.##.####......
#.†{..#..............
.......#.####..##.#.......
..######.@..#..##.#.......
#.######......###.........
#.#...........# ###.......
#.#.####.....## ##.......
##.#.####.....#####........
#.....................#####
#..#...###....######...## #
#.#.##..## #....######.(..#
#.......####...........#..##


There were no monsters in sight!

Vanquished Creatures
  A wolf (D:2)
  Terence (D:2)
  Robin (D:2)
  2 adders
  An ooze (D:1)
  A dart slug (D:2)
  3 leopard geckos
  2 orcs (D:3)
  2 ball pythons
  2 bats (D:1)
  A giant cockroach (D:3)
  19 goblins
  17 hobgoblins
  6 jackals
  9 kobolds
  6 frilled lizards
  4 rats
78 creatures vanquished.

Notes
Turn   | Place    | Note
-------+----------+-------------------------------------------
     0 | D:1      | Monsterracer the Human Ice Elementalist began the quest for the Orb.
     0 | D:1      | Reached XP level 1. HP: 13/13 MP: 3/3
   175 | D:1      | Reached XP level 2. HP: 17/19 MP: 1/5
   203 | D:1      | Learned a level 2 spell: Throw Frost
   751 | D:1      | Reached XP level 3. HP: 24/24 MP: 4/6
   756 | D:1      | Learned a level 3 spell: Ozocubu's Armour
  1559 | D:1      | HP: 11/24 [hobgoblin/club (6)]
  1767 | D:1      | Reached skill level 4 in Ice Magic
  1963 | D:2      | Noticed Robin
  1979 | D:2      | Reached XP level 4. HP: 28/30 MP: 2/8
  2047 | D:2      | Killed Robin
  2047 | D:2      | HP: 14/30 [hobgoblin[Robin] (3)]
  2312 | D:2      | Found a glowing golden altar of the Shining One.
  2804 | D:2      | Noticed Sigmund
  2848 | D:2      | HP: 15/30 [something/puff of flame (12)]
  2854 | D:2      | HP: 14/30 [hobgoblin/club (2)]
  2856 | D:1      | Reached XP level 5. HP: 16/35 MP: 5/9
  2885 | D:1      | Learned a level 4 spell: Summon Ice Beast
  3082 | D:2      | HP: 17/35 [Sigmund/scythe of flaming (2)]
  3089 | D:1      | HP: 14/35 [goblin/dagger (2)]
  3398 | D:2      | HP: 13/35 [something (12)]
  3402 | D:2      | HP: 3/35 [something (9)]
  3402 | D:2      | HP: 1/35 [something (2)]
  3408 | D:2      | Noticed Sigmund
  3411 | D:2      | Killed Sigmund the wolf
  3411 | D:2      | Reached skill level 5 in Ice Magic
  3703 | D:2      | Noticed Terence
  3711 | D:2      | Killed Terence
  3711 | D:2      | Reached XP level 6. HP: 31/41 MP: 1/11
  4068 | D:3      | HP: 20/41 [poisoned by an orc]
  4073 | D:3      | HP: 15/41 [poisoned by an orc]
  4074 | D:3      | HP: 7/41 [orc wizard/magic dart (8)]
  4078 | D:3      | Killed from afar by an orc wizard

Skill      XL: |  1  2  3  4  5 |
---------------+----------------+-----
Ice Magic      | 4 5 |  5.5
Spellcasting   | 3 |  3.6
Maces & Flails | |  0.2
Dodging        | |  2.0
Stealth        | |  2.0
Conjurations   | |  1.0
Summonings     | |  0.2

Action                   |  1- 3 |  4- 6 || total
-------------------------+-------+-------++-------
Melee: Unarmed           |     6 |       ||     6
       Short sword       |    24 |       ||    24
       Spear             |    12 |    42 ||    54
       Flail             |       |    25 ||    25
 Cast: Freeze            |    33 |    54 ||    87
       Throw Frost       |     1 |     5 ||     6
       Ozocubu's Armour  |       |     3 ||     3
Evoke: Wand              |       |     3 ||     3
  Use: Potion            |       |     2 ||     2
 Stab: Sleeping          |     2 |     2 ||     4
       Distracted        |     1 |       ||     1
  Eat: Chunk             |     3 |     8 ||    11
Armor: Robe              |     8 |     2 ||    10
       Animal skin       |       |    21 ||    21
       Skin              |       |     7 ||     7
Dodge: Dodged            |    49 |    48 ||    97
